Map: Blackburn LE

Players

DPGRogue (Rogue)

  • Race: Zerg Zerg

Maru - Winner!

  • Race: Terran Terran
  • League: Master

Event: ASUS ROG Fall 2021

VOD

Have the link to the VOD?

Description

Time

  • Played on: Sept. 19, 2021, 2:19 p.m.
  • Length: 9:36

All games in this series

Show
View Real Time Build Order
Export as new Build Order

DPGRogue Zerg 

Build Orders: Pool First 

Get SALT Encoding   

  12  0:00  Drone  
  13  0:11  Overlord  
  13  0:16  Drone  
  14  0:30  Drone x2  
  16  0:40  Spawning Pool  
  15  0:44  Drone  
  15  0:47  Drone  
  17  1:07  Hatchery  
  17  1:11  Drone  
  17  1:27  Zergling x4  
  17  1:28  Zergling x2  
  17  1:29  Queen  
  22  1:49  Hatchery  
  21  1:55  Overlord  
  21  2:00  Drone  
  22  2:13  Queen  
  22  2:15  Drone  
  25  2:16  Drone  
  25  2:20  Drone  
  27  2:25  Drone  
  28  2:30  Drone  
  28  2:33  Drone  
  29  2:38  Queen  
  29  2:43  Drone  
  29  2:44  Drone  
  33  2:49  Overlord  
  33  2:52  Drone  
  33  2:53  Drone  
  33  2:55  Drone  
  36  3:02  Drone x2  
  38  3:06  Queen  
  38  3:11  Drone  
  41  3:13  Drone x2  
  41  3:17  Queen  
  45  3:21  Extractor x2  
  45  3:23  Drone  
  45  3:24  Drone  
  45  3:26  Drone  
  46  3:28  Drone  
  46  3:32  Zergling x4  
  49  3:35  Overlord  
  49  3:37  Drone  
  50  3:48  Overlord  
  50  3:53  Queen  
  50  3:54  Drone x5  
  57  3:58  Spore Crawler  
  57  3:59  Drone  
  57  4:04  Metabolic Boost  
  57  4:08  Queen  
  59  4:11  Drone  
  59  4:15  Zergling x4  
  62  4:17  Zergling x4  
  62  4:19  Drone  
  62  4:20  Drone  
  66  4:24  Overlord  
  63  4:34  Zergling x4  
  63  4:35  Overlord  
  64  4:43  Zergling x2  
  64  4:44  Zergling x14  
  60  4:48  Drone  
  61  4:53  Drone  
  61  4:57  Zergling x4  
  62  5:05  Drone x4  
  65  5:08  Drone  
  65  5:10  Drone  
  63  5:17  Spore Crawler  
  63  5:20  Drone  
  62  5:22  Drone x2  
  62  5:28  Evolution Chamber  
  63  5:29  Drone x2, Evolution Chamber  
  63  5:30  Drone  
  63  5:34  Lair  
  65  5:39  Hatchery  
  64  5:43  Drone  
  64  5:44  Drone x2  
  64  5:48  Drone x2  
  67  5:51  Extractor, Drone  
  67  5:52  Extractor  
  67  5:55  Drone  
  67  5:57  Drone x5  
  67  5:59  Roach Warren  
  67  6:02  Extractor  
  67  6:03  Drone x2  
  72  6:07  Zerg Missile Weapons Level 1  
  72  6:08  Drone x3  
  75  6:13  Zerg Ground Armor Level 1  
  75  6:15  Drone  
  76  6:20  Extractor, Overlord x2  
  75  6:30  Drone x4, Overlord x2  
  79  6:33  Overlord  
  79  6:36  Overlord  
  79  6:39  Glial Reconstitution  
  79  6:42  Roach  
  79  6:44  Roach x2  
  85  6:51  Drone  
  85  6:52  Drone x4  
  88  7:01  Roach  
  88  7:02  Roach x4  
  88  7:05  Drone  
  88  7:07  Overlord  
  99  7:11  Drone  
  99  7:14  Roach x4  
  106  7:21  Drone  
  106  7:22  Drone x6  
  113  7:27  Drone  
  113  7:29  Roach x2  
  119  7:30  Roach  
  119  7:38  Roach  
  119  7:39  Roach x3  
  119  7:40  Spore Crawler x2  
  125  7:46  Infestation Pit  
  125  7:49  Drone  
  125  7:50  Drone x3  
  128  7:57  Overlord x2  
  128  7:58  Drone, Hydralisk Den  
  128  8:01  Extractor  
  128  8:02  Roach x5  
  128  8:03  Extractor  
  126  8:08  Drone  
  126  8:11  Drone  
  126  8:12  Overlord x2  
  128  8:17  Ravager  
  128  8:18  Ravager x5  
  134  8:21  Roach x5  
  134  8:23  Roach x3  
  134  8:26  Roach  
  143  8:29  Overlord  
  143  8:33  Ravager  
  143  8:34  Overlord  
  144  8:35  Roach  
  144  8:36  Roach x4  
  148  8:50  Roach  
  148  8:51  Roach x7  
  148  8:53  Roach  
  153  8:59  Drone  
  153  9:02  Lurker Den, Roach x2  
  153  9:05  Roach  
  153  9:06  Extractor  
  143  9:11  Roach x4  
  143  9:13  Roach  
  143  9:16  Roach  
  134  9:17  Roach x2  
Show
View Real Time Build Order
Export as new Build Order

Maru Terran - Winner!

Build Orders:  

Get SALT Encoding   

  12  0:00  SCV  
  13  0:12  SCV  
  14  0:17  Supply Depot  
  14  0:24  SCV  
  15  0:38  SCV  
  15  0:39  Barracks  
  16  0:46  Refinery  
  16  0:50  SCV  
  17  1:03  SCV  
  18  1:15  SCV  
  19  1:27  Orbital Command  
  19  1:28  Barracks Reactor  
  19  1:39  Command Center  
  19  1:50  Supply Depot  
  19  1:52  SCV  
  20  2:05  SCV, Factory  
  20  2:06  Marine  
  20  2:08  Marine  
  23  2:14  Refinery  
  23  2:17  SCV  
  24  2:24  Marine  
  24  2:25  Marine  
  24  2:29  SCV  
  26  2:41  SCV  
  27  2:44  Marine x2  
  29  2:51  Starport  
  29  2:57  Hellion  
  31  3:09  SCV  
  31  3:10  Orbital Command  
  32  3:21  SCV  
  32  3:24  Hellion x2  
  32  3:25  Marine  
  38  3:28  Medivac  
  38  3:32  Supply Depot  
  38  3:34  SCV  
  41  3:35  SCV  
  42  3:45  Marine  
  42  3:46  SCV  
  44  3:49  SCV  
  44  3:54  Hellion x2  
  49  3:57  Supply Depot  
  49  3:58  SCV  
  49  4:01  SCV  
  51  4:05  Barracks Tech Lab, Starport Tech Lab  
  51  4:07  Liberator  
  54  4:19  SCV  
  54  4:21  Supply Depot, SCV  
  56  4:24  Marine, Stimpack  
  56  4:31  SCV  
  58  4:33  SCV  
  57  4:43  SCV  
  57  4:45  SCV  
  59  4:50  Command Center  
  58  4:55  SCV  
  58  4:56  Starport Reactor  
  58  4:57  SCV  
  56  5:04  Marine  
  57  5:07  SCV  
  57  5:09  SCV, Factory Reactor  
  57  5:13  Barracks x2  
  53  5:19  SCV  
  53  5:21  SCV  
  53  5:24  Engineering Bay x2  
  53  5:27  Refinery  
  51  5:28  Marine  
  51  5:31  SCV  
  51  5:34  SCV  
  54  5:43  SCV  
  54  5:46  Marine, SCV  
  57  5:50  Terran Infantry Armor Level 1, Terran Infantry Weapons Level 1  
  57  5:53  Factory Tech Lab  
  57  5:55  Barracks  
  57  5:56  SCV  
  58  5:57  Barracks  
  58  5:58  SCV  
  58  6:01  Marine  
  58  6:02  Marine, Orbital Command  
  61  6:04  Combat Shield  
  61  6:06  Marine x2  
  61  6:07  Medivac  
  61  6:08  Medivac  
  61  6:11  Refinery, Marine  
  67  6:13  SCV  
  67  6:14  SCV  
  70  6:19  Siege Tank  
  70  6:22  Supply Depot  
  70  6:23  Marine x2, Orbital Command  
  70  6:24  Marine  
  76  6:29  SCV x2  
  76  6:32  Supply Depot  
  78  6:34  Supply Depot  
  78  6:35  Marine x2  
  80  6:41  Marine x2, SCV x2  
  80  6:42  Marine  
  80  6:43  Marine  
  80  6:44  Barracks Reactor  
  86  6:48  SCV  
  86  6:53  SCV x2  
  89  6:55  Marine x2  
  89  6:56  Siege Tank  
  89  7:00  SCV, Medivac x2  
  99  7:02  Marine x2  
  99  7:04  Barracks Reactor  
  99  7:05  Marine, SCV x2  
  104  7:13  SCV  
  105  7:17  SCV x2  
  105  7:20  Supply Depot  
  105  7:21  Supply Depot  
  107  7:25  SCV  
  107  7:27  Marine x3  
  109  7:34  Supply Depot  
  109  7:39  Armory  
  109  7:41  Marine x4, SCV, Siege Tank  
  109  7:42  Marine  
  118  7:46  SCV x2  
  118  7:47  Marine  
  118  7:48  Refinery x2, Marine x3  
  118  7:50  Factory  
  124  7:53  SCV  
  124  7:55  Medivac x2  
  124  7:57  Supply Depot  
  129  8:03  Marine x4  
  133  8:17  Supply Depot  
  133  8:18  Marine x3  
  133  8:19  SCV, Siege Tank  
  140  8:26  Marine x3  
  141  8:31  Supply Depot  
  141  8:32  Supply Depot, Command Center  
  141  8:38  Marine x3  
  141  8:39  SCV  
  145  8:42  Marine  
  145  8:43  Marine x2  
  145  8:44  Marine  
  145  8:46  Marine x2  
  142  8:53  Siege Tank  
  142  8:56  Marine x2  
  142  9:01  Marine x4  
  154  9:03  Factory Tech Lab  
  154  9:04  SCV  
  154  9:07  SCV  
  154  9:09  Marine x2  
  148  9:13  Marine  
  148  9:14  Marine x2  
Tags
 
Add a new tag
Caveats
  • Supply blocks, unpowered buildings, or Contaminate may cause inaccurate times.
  • Supply counts are checked every 10 seconds.